General information
- name: BNet
- type: Ladder team game (AT/RT)
- host: Battle.net
- saver: brucewillisusa
map: Deadlock
- players: 8
- length: 07:20
- speed: Fast
- version: 1.24 W3XP
- replay type: Public
» download(50 KB)
Players
team 1 (winner)

»
brucewillisusa (
purple | 57 APM | 416 actions | 07:20)
2 Goblin Tinker
1 Pocket Factory
1 Engineering Upgrade
» actions
| Assign group hotkey | 46 | |
| Basic commands | 9 | |
| Build / train | 21 | |
| Enter build submenu | 9 | |
| Enter hero's abilities submenu | 2 | |
| Right click | 136 | |
| Select / deselect | 84 | |
| Select group hotkey | 94 | |
| Use ability | 15 | |
416 total
» units
» buildings
| Moon Well | 4 | |
| Altar of Elders | 1 | |
| Hunter's Hall | 1 | |
| Ancient of War | 3 | |
| Tree of Ages | 1 | |
10 total
» build order
00:10 Moon Well
00:17 Altar of Elders
01:55 Hunter's Hall
01:58 Ancient of War
01:58 Ancient of War
02:09 Ancient of War
02:26 Moon Well
02:47 Moon Well
04:12 Moon Well
06:41 Tree of Ages
Vicious_Beaver (
red | 44 APM | 319 actions | 07:19)
3 Far Seer
2 Feral Spirit
1 Chain Lighting
» actions
| Basic commands | 5 | |
| Build / train | 26 | |
| Enter build submenu | 9 | |
| Enter hero's abilities submenu | 3 | |
| Remove unit from queue | 2 | |
| Right click | 161 | |
| Select / deselect | 96 | |
| Use ability | 17 | |
319 total
» units
» upgrades
» buildings
| Barracks | 1 | |
| Altar of Storms | 1 | |
| Orc Burrow | 4 | |
| Voodoo Lounge | 1 | |
| Stronghold | 1 | |
| War Mill | 1 | |
| Fortress | 1 | |
10 total
» build order
00:22 Barracks
00:27 Altar of Storms
00:31 Orc Burrow
01:24 Orc Burrow
02:41 Voodoo Lounge
03:45 Stronghold
04:05 Orc Burrow
05:31 War Mill
06:18 Fortress
07:15 Orc Burrow
» items
| Healing Salve | 1 | |
| Lesser Clarity Potion | 2 | |
| Scroll of Speed | 1 | |
4 total
SirAkbar (
pink | 44 APM | 325 actions | 07:19)
3 Far Seer
2 Feral Spirit
1 Chain Lighting
» actions
| Assign group hotkey | 7 | |
| Basic commands | 35 | |
| Build / train | 21 | |
| Enter build submenu | 12 | |
| Enter hero's abilities submenu | 3 | |
| Right click | 89 | |
| Select / deselect | 83 | |
| Select group hotkey | 55 | |
| Use ability | 20 | |
325 total
» units
» buildings
| Altar of Storms | 1 | |
| Orc Burrow | 4 | |
| Barracks | 1 | |
| Voodoo Lounge | 1 | |
| War Mill | 1 | |
| Stronghold | 1 | |
| Great Hall | 1 | |
| Beastiary | 2 | |
12 total
» build order
00:12 Altar of Storms
00:16 Orc Burrow
00:23 Barracks
01:42 Orc Burrow
01:58 Voodoo Lounge
03:57 War Mill
04:23 Stronghold
04:27 Orc Burrow
04:49 Orc Burrow
06:51 Great Hall
07:09 Beastiary
07:13 Beastiary
» items
angrygorilla (
yellow | 30 APM | 220 actions | 07:19)
2 Far Seer
1 Feral Spirit
1 Chain Lighting
» actions
| Basic commands | 8 | |
| Build / train | 29 | |
| Enter build submenu | 10 | |
| Enter hero's abilities submenu | 2 | |
| Remove unit from queue | 3 | |
| Right click | 48 | |
| Select / deselect | 108 | |
| Use ability | 12 | |
220 total
» units
| Peon | 8 | |
| Troll Headhunter/Berserker | 12 | |
20 total
» upgrades
» buildings
| Altar of Storms | 1 | |
| Orc Burrow | 4 | |
| War Mill | 1 | |
| Barracks | 2 | |
| Stronghold | 1 | |
9 total
» build order
00:07 Altar of Storms
00:10 Orc Burrow
01:06 War Mill
01:34 Barracks
02:20 Barracks
02:43 Orc Burrow
03:01 Orc Burrow
05:02 Orc Burrow
07:03 Stronghold
team 2 (loser)

»
clubpotown45 (
green | 43 APM | 313 actions | 07:16)
3 Blademaster
2 Critical Strike
1 Wind Walk
» actions
| Assign group hotkey | 4 | |
| Basic commands | 60 | |
| Build / train | 24 | |
| Enter build submenu | 10 | |
| Enter hero's abilities submenu | 3 | |
| Right click | 81 | |
| Select / deselect | 92 | |
| Select group hotkey | 18 | |
| Use ability | 21 | |
313 total
» units
| Peon | 8 | |
| Troll Headhunter/Berserker | 6 | |
| Grunt | 2 | |
16 total
» buildings
| Orc Burrow | 3 | |
| Altar of Storms | 1 | |
| War Mill | 1 | |
| Barracks | 1 | |
| Watch Tower | 1 | |
| Voodoo Lounge | 1 | |
| Stronghold | 1 | |
| Great Hall | 1 | |
| Spirit Lodge | 1 | |
| Fortress | 1 | |
12 total
» build order
00:14 Orc Burrow
00:22 Altar of Storms
00:45 War Mill
01:30 Barracks
01:54 Orc Burrow
02:10 Watch Tower
02:23 Voodoo Lounge
03:25 Stronghold
04:38 Orc Burrow
05:34 Great Hall
06:36 Spirit Lodge
06:57 Fortress
» items

»
yikmee (
teal | 73 APM | 499 actions | 06:49)
3 Archmage
1 Summon Water Elemental
2 Brilliance Aura
» actions
| Assign group hotkey | 13 | |
| Basic commands | 44 | |
| Build / train | 30 | |
| Enter build submenu | 13 | |
| Enter hero's abilities submenu | 3 | |
| Remove unit from queue | 1 | |
| Right click | 117 | |
| Select / deselect | 129 | |
| Select group hotkey | 131 | |
| Use ability | 18 | |
499 total
» units
» upgrades
» buildings
| Altar of Kings | 1 | |
| Farm | 6 | |
| Barracks | 2 | |
| Scout Tower | 1 | |
| Blacksmith | 1 | |
| Arcane Tower | 1 | |
| Keep | 2 | |
| Arcane Vault | 1 | |
15 total
» build order
00:18 Altar of Kings
00:20 Farm
01:03 Farm
01:29 Barracks
01:44 Farm
01:54 Scout Tower
02:23 Barracks
02:30 Blacksmith
02:43 Arcane Tower
03:27 Keep
03:27 Keep
04:01 Farm
04:17 Arcane Vault
04:44 Farm
05:50 Farm
Gorre (
blue | 107 APM | 760 actions | 07:04)
2 Death Knight
1 Death Coil
1 Unholy Aura
» actions
| Assign group hotkey | 9 | |
| Basic commands | 7 | |
| Build / train | 19 | |
| Enter build submenu | 13 | |
| Enter hero's abilities submenu | 2 | |
| Right click | 359 | |
| Select / deselect | 241 | |
| Select group hotkey | 87 | |
| Use ability | 23 | |
760 total
» units
| Acolyte | 2 | |
| Ghoul | 2 | |
| Crypt Fiend | 7 | |
11 total
» buildings
| Graveyard | 1 | |
| Crypt | 1 | |
| Ziggurat | 4 | |
| Altar of Darkness | 1 | |
| Tomb of Relics | 1 | |
| Nerubian Tower | 2 | |
10 total
» build order
00:06 Graveyard
00:09 Crypt
00:33 Ziggurat
00:36 Ziggurat
01:04 Altar of Darkness
01:42 Tomb of Relics
02:16 Nerubian Tower
02:34 Ziggurat
03:34 Nerubian Tower
03:37 Ziggurat
» items
| Rod of Necromancy | 2 | |
| Boots of Speed | 1 | |
3 total
chinesegrlsrhot (
orange | 44 APM | 319 actions | 07:18)
1 Death Knight
1 Death Coil
» actions
| Assign group hotkey | 6 | |
| Basic commands | 12 | |
| Build / train | 19 | |
| Enter build submenu | 7 | |
| Enter hero's abilities submenu | 1 | |
| Right click | 97 | |
| Select / deselect | 148 | |
| Select group hotkey | 16 | |
| Use ability | 13 | |
319 total
» units
| Acolyte | 3 | |
| Ghoul | 3 | |
| Crypt Fiend | 6 | |
12 total
» upgrades
» buildings
| Graveyard | 1 | |
| Crypt | 1 | |
| Altar of Darkness | 1 | |
| Ziggurat | 3 | |
| Tomb of Relics | 1 | |
| Nerubian Tower | 1 | |
| Halls of the Dead | 1 | |
9 total
» build order
00:14 Graveyard
00:26 Crypt
00:47 Altar of Darkness
01:00 Ziggurat
01:21 Tomb of Relics
01:57 Nerubian Tower
02:13 Ziggurat
04:41 Halls of the Dead
04:49 Ziggurat
» items
Chat log
(00:03 / Allies) brucewillisusa: want 2 try a ward rush?
(00:08 / Allies) Vicious_Beaver: nahh
(00:16 / Allies) Vicious_Beaver: we can go mass summons
(00:18 / Allies) Vicious_Beaver: but ill go fs
(00:22 / Allies) brucewillisusa: mass fs?
(00:24 / Allies) brucewillisusa: all 3 agree?
(00:34 / Allies) Vicious_Beaver: kotg
(00:35 / Allies) angrygorilla: ya
(00:35 / Allies) Vicious_Beaver: trees
(00:41 / Allies) brucewillisusa: ill get tinker
(00:43 / Allies) brucewillisusa: for his factory
(00:51 / Allies) Vicious_Beaver: aight and missles
(00:56 / Allies) brucewillisusa: missles blows
(01:01 / Allies) SirAkbar: truth
(01:09 / Allies) brucewillisusa: i wouldnt take level 3 missiles
(01:11 / Allies) brucewillisusa: over level 1 factory
(01:13 / Allies) Vicious_Beaver: true but for stun but its watev
(01:19 / Allies) brucewillisusa: it jsut wastes mana
(01:37 / Allies) brucewillisusa: so what time we hit
(01:40 / Allies) brucewillisusa: real early or a bit later
(01:47 / Allies) brucewillisusa: ya right
(01:48 / Allies) brucewillisusa: gmafb
(01:49 / Allies) angrygorilla: damn
(02:37 / All) SirAkbar: bill
(02:48 / Allies) Vicious_Beaver: where we meetin
(02:58 / Allies) brucewillisusa: wait a bit
(03:00 / Allies) brucewillisusa: creep greens
(03:03 / Allies) brucewillisusa: hunt build takes a bti later
(03:30 / Allies) brucewillisusa: k meet in a sec
(03:57 / Allies) brucewillisusa: come all
(04:00 / Allies) brucewillisusa: and pump tier 1 hard
(04:03 / Allies) brucewillisusa: i dont wanna see anyone with 900 gold
(04:05 / Allies) brucewillisusa: wehn we lose
(04:13 / Allies) Vicious_Beaver: keep sendin
(04:32 / Allies) brucewillisusa: lets go
(04:34 / Allies) brucewillisusa: come come
(04:47 / Allies) Vicious_Beaver: wait for pink
(04:59 / Allies) brucewillisusa: summon all ur shits
(05:03 / Allies) brucewillisusa: and stay back
(05:05 / Allies) Vicious_Beaver: yellow
(05:17 / Allies) brucewillisusa: let sumopns tanks
(05:22 / Allies) Vicious_Beaver: fiends
(05:50 / Allies) angrygorilla: gj gj
(06:05 / Allies) Vicious_Beaver: hh
(06:07 / Allies) Vicious_Beaver: green
(06:20 / Allies) Vicious_Beaver: im goin tauren
(06:25 / Allies) angrygorilla: we won
(06:29 / Allies) angrygorilla: no need
(06:32 / All) brucewillisusa: dk fiends down
(06:35 / All) brucewillisusa: non cut strat up
(06:36 / All) brucewillisusa: gtfo